 Dungeon Crawl Stone Soup version 0.30-a0-222-ge547ba4400 (webtiles) character file.

Game seed: 16748042069041477703

359 qw the Chopper (level 6, 0/38 HPs)
             Began as a Gargoyle Fighter on Oct 8, 2022.
             Slain by a gnoll
             ... wielding a +2 flail of protection
             ... led by a gnoll sergeant
              (3 damage)
             ... on level 5 of the Dungeon.
             The game lasted 00:01:20 (2683 turns).

qw the Chopper (Gargoyle Fighter)                   Turns: 2683, Time: 00:01:20

Health: 0/38       AC: 15    Str: 19 (21) XL:     6   Next: 65%
Magic:  6/6        EV:  7    Int:  9      God:
Gold:   251        SH:  4    Dex:  8 (9)  Spells: 5/5 levels left

rFire   + . .      SeeInvis .    a - +0 war axe (spect)
rCold   . . .      Faith    .    c - +0 buckler
rNeg    + . .      Spirit   .    q - +0 chain mail
rPois   inf        Reflect  .    (no helmet)
rElec   +          Harm     .    p - +0 cloak
rCorr   .          Rampage  .    (no gloves)
Will    .....                    k - +0 pair of boots
Stlth   ..........               (no amulet)
HPRegen 0.26/turn                l - ring of protection from fire
MPRegen 0.10/turn                (no ring)

@: about to teleport
A: sickness immunity, AC +4, negative energy resistance 1, electricity
resistance, torment resistance 1, petrification resistance
a: no special abilities


You were on level 5 of the Dungeon.
You visited 1 branch of the dungeon, and saw 5 of its levels.

You collected 251 gold pieces.


Innate Abilities, Weirdness & Mutations

You are immune to sickness and miasma.
Your stone body is resilient. (AC +4)
You are immune to poison.
You resist negative energy. (rN+)
You are resistant to electric shocks. (rElec)
You are resistant to unholy torment.
You are immune to petrification.


   Skills:
 - Level 4.0 Fighting
 + Level 5.7 Axes
 - Level 1.2 Throwing
 - Level 3.2 Armour
 - Level 3.2 Shields


You had 5 spell levels left.
You didn't know any spells.
Your spell library was empty.

Inventory:

Hand Weapons
 a - a +0 spectral war axe (weapon)
 m - a +0 flail
Missiles
 h - 5 boomerangs
 n - a silver javelin (quivered)
Armour
 c - a +0 buckler (worn)
 k - a +0 pair of boots (worn)
 p - a +0 cloak (worn)
 q - a +0 chain mail (worn)
Jewellery
 l - a ring of protection from fire (left hand)
Scrolls
 f - a scroll of identify
Potions
 b - a potion of heal wounds {unknown}
 d - 3 potions of might
 g - a potion of lignification
 i - a potion of curing

Dungeon Overview and Level Annotations

Branches:
Dungeon (5/15)
 Temple: D:4-7

Altars:


Message History

The gnoll sergeant blocks your attack.
The gnoll sergeant is almost dead.
You block the gnoll sergeant's attack.
The gnoll sergeant hits you but does no damage.
You hit the gnoll sergeant but do no damage.
The gnoll sergeant is almost dead.
The gnoll sergeant hits you but does no damage.
You hit the gnoll sergeant.
You kill the gnoll sergeant!
You feel your dexterity returning.
You hit the gnoll.
The gnoll is moderately wounded.
The gnoll hits you but does no damage. The gnoll closely misses you.
You hit the gnoll.
The gnoll is heavily wounded.
The gnoll hits you but does no damage.
You hit the gnoll.
The gnoll is heavily wounded.
The gnoll barely misses you.
You hit the gnoll but do no damage.
The gnoll is heavily wounded.
The gnoll hits you but does no damage.
You hit the gnoll.
The gnoll is severely wounded.
The gnoll hits you but does no damage.
You closely miss the gnoll.
The gnoll is severely wounded.
The gnoll hits you with a +2 flail of protection!
The gnoll hits you with a +2 flail of protection.
2681 ||| READING scroll of teleportation.
As you read the scroll of teleportation, it crumbles to dust.
You feel strangely unstable. The gnoll barely misses you.
You closely miss the gnoll.
The gnoll is heavily wounded.
The gnoll hits you but does no damage.
You closely miss the gnoll.
The gnoll is heavily wounded.
The gnoll hits you with a +2 flail of protection.
You die...

#...........#
#...
#...:.....##
##.......##
##......#
####..## #$.#
..#####..#
#........#
########@#
#g# #g# .(.
... #....
#####


You could see 2 gnolls.

Vanquished Creatures
  A gnoll sergeant (D:5)
  A howler monkey (D:4)
  An iguana (D:4)
  4 gnolls (D:5)
  10 adders
  An ufetubus (D:4)
  A worm (D:2)
  3 dart slugs
  5 orcs
  5 ball pythons
  3 endoplasms (D:1)
  2 giant cockroaches
  10 goblins
  7 hobgoblins
  8 jackals
  2 quokkas
  7 bats
  5 frilled lizards
  9 kobolds
  6 rats
91 creatures vanquished.

Vanquished Creatures (others)
  10 plants (D:1)
10 creatures vanquished.

Grand Total: 101 creatures vanquished

Notes
Turn   | Place    | Note
-------+----------+-------------------------------------------
     0 | D:1      | qw the Gargoyle Fighter began the quest for the Orb.
     0 | D:1      | Reached XP level 1. HP: 14/14 MP: 1/1
     0 | D:1      | 0 ||| qw: Version: 0.2-a-17-gfa9de96
     0 | D:1      | 0 ||| qw: Game counter: 1991
     0 | D:1      | 0 ||| qw: Always use a shield: true
     0 | D:1      | 0 ||| qw: God list: Okawaru
     0 | D:1      | 0 ||| qw: Allow faded altars: false
     0 | D:1      | 0 ||| qw: Do Orc after D:15 true
     0 | D:1      | 0 ||| qw: Do second Lair branch before Depths: true
     0 | D:1      | 0 ||| qw: Lair rune preference: random
     0 | D:1      | 0 ||| qw: Plans: Normal, Zot:1-4, God:TSO, Crypt, Tomb,
                  | Pan, Slime:5, Hells, Abyss, Orb
     0 | D:1      | 0 ||| PLANNING D:1-11
    18 | D:1      | 18 ||| Stepping ~*~*~tactically~*~*~ (stealth).
    26 | D:1      | Reached skill level 2 in Axes
    44 | D:1      | 44 ||| Stepping ~*~*~tactically~*~*~ (hiding).
    47 | D:1      | 47 ||| Stepping ~*~*~tactically~*~*~ (hiding).
    53 | D:1      | Reached XP level 2. HP: 19/19 MP: 2/2
    53 | D:1      | 53 ||| Stepping ~*~*~tactically~*~*~ (stealth).
    59 | D:1      | 59 ||| Stepping ~*~*~tactically~*~*~ (stealth).
   189 | D:1      | Found a faded altar of an unknown god.
   253 | D:1      | 253 ||| DROPPING +0 club.
   327 | D:1      | Reached skill level 3 in Axes
   331 | D:1      | Reached XP level 3. HP: 23/23 MP: 3/3
   374 | D:1      | 374 ||| Stepping ~*~*~tactically~*~*~ (stealth).
   693 | D:1      | 693 ||| UPGRADING to +0 pair of boots.
   698 | D:1      | 698 ||| READING scroll labelled LOMIZU WUDIETA.
   699 | D:1      | 699 ||| READING scroll labelled ASICSO WIWK.
   775 | D:2      | 775 ||| Stepping ~*~*~tactically~*~*~ (stealth).
   776 | D:2      | 776 ||| Stepping ~*~*~tactically~*~*~ (stealth).
   906 | D:2      | Reached skill level 1 in Throwing
   906 | D:2      | Reached XP level 4. HP: 28/28 MP: 4/4
   980 | D:2      | 980 ||| Stepping ~*~*~tactically~*~*~ (stealth).
  1010 | D:2      | 1010 ||| Stepping ~*~*~tactically~*~*~ (stealth).
  1013 | D:2      | 1013 ||| Stepping ~*~*~tactically~*~*~ (stealth).
  1229 | D:2      | 1229 ||| UPGRADING to ring of protection from fire.
  1230 | D:2      | 1230 ||| READING scroll labelled QOAREQI UNICVO.
  1253 | D:3      | 1253 ||| STAIRDANCE
  1263 | D:3      | 1263 ||| STAIRDANCE
  1273 | D:3      | 1273 ||| STAIRDANCE
  1297 | D:3      | Reached skill level 4 in Axes
  1308 | D:3      | 1308 ||| Stepping ~*~*~tactically~*~*~ (stealth).
  1335 | D:3      | 1335 ||| DROPPING +0 whip.
  1372 | D:3      | Reached XP level 5. HP: 30/32 MP: 5/5
  1482 | D:3      | 1482 ||| Stepping ~*~*~tactically~*~*~ (hiding).
  1784 | D:3      | 1784 ||| READING scroll labelled GITUDA ZUERUOBE.
  1785 | D:3      | 1785 ||| READING scroll labelled QYOPLEPOBI.
  1790 | D:3      | 1790 ||| READING scroll labelled LANGYS POSIYL.
  1791 | D:3      | 1791 ||| DRINKING 2 lumpy golden potions.
  1792 | D:3      | 1792 ||| DRINKING 2 ruby potions.
  1893 | D:3      | 1893 ||| DRINKING 3 fuming ruby potions.
  1894 | D:3      | 1894 ||| DROPPING potion of degeneration.
  1895 | D:3      | 1895 ||| DROPPING potion of ambrosia.
  1896 | D:3      | 1896 ||| DROPPING 2 potions of flight.
  1970 | D:4      | Reached skill level 5 in Axes
  1984 | D:4      | 1984 ||| FLEEEEING.
  1985 | D:4      | 1985 ||| FLEEEEING.
  1986 | D:4      | 1986 ||| FLEEEEING.
  2063 | D:4      | 2063 ||| Stepping ~*~*~tactically~*~*~ (hiding).
  2068 | D:4      | 2068 ||| Stepping ~*~*~tactically~*~*~ (hiding).
  2073 | D:4      | Reached XP level 6. HP: 38/38 MP: 6/6
  2078 | D:4      | 2078 ||| Stepping ~*~*~tactically~*~*~ (stealth).
  2145 | D:4      | 2145 ||| Stepping ~*~*~tactically~*~*~ (stealth).
  2147 | D:4      | 2147 ||| Stepping ~*~*~tactically~*~*~ (stealth).
  2148 | D:4      | 2148 ||| Stepping ~*~*~tactically~*~*~ (stealth).
  2257 | D:4      | Found Fiacueng's Jewellery Shop.
  2452 | D:4      | 2452 ||| UPGRADING to +0 cloak.
  2457 | D:4      | 2457 ||| UPGRADING to +0 chain mail.
  2467 | D:4      | 2467 ||| DROPPING +0 scale mail.
  2468 | D:4      | 2468 ||| READING scroll labelled MADACZ WINIU.
  2499 | D:4      | 2499 ||| READING scroll labelled GOH WIOTAO.
  2500 | D:4      | 2500 ||| READING scroll labelled WIEPPO KOZOARPHI.
  2501 | D:4      | 2501 ||| READING scroll labelled FIOSUWN HAUWO.
  2502 | D:4      | 2502 ||| DRINKING 2 cyan potions.
  2548 | D:4      | 2548 ||| READING 3 scrolls of identify.
  2548 | D:4      | 2548 ||| IDENTIFYING fizzy green potion
  2549 | D:4      | 2549 ||| READING 2 scrolls of identify.
  2549 | D:4      | 2549 ||| IDENTIFYING glowing cyan potion
  2550 | D:4      | 2550 ||| DROPPING potion of brilliance.
  2579 | D:5      | Entered Level 5 of the Dungeon
  2581 | D:5      | 2581 ||| Stepping ~*~*~tactically~*~*~ (hiding).
  2582 | D:5      | 2582 ||| Stepping ~*~*~tactically~*~*~ (hiding).
  2620 | D:5      | 2620 ||| Stepping ~*~*~tactically~*~*~ (stealth).
  2621 | D:5      | 2621 ||| Stepping ~*~*~tactically~*~*~ (stealth).
  2680 | D:5      | HP: 7/38 [gnoll/+2 flail of protection[a gnoll sergeant]
                  | (8)]
  2680 | D:5      | HP: 2/38 [gnoll/+2 flail of protection[a gnoll sergeant]
                  | (5)]
  2681 | D:5      | 2681 ||| READING scroll of teleportation.
  2683 | D:5      | Slain by a gnoll

Levels and vault maps discovered:
D:1:      minmay_arrival_four_circles, layout_basic,
          ebering_ecumenical_altar_sacrificial, lexackson_kobold_supper
D:2:      layout_rooms
D:3:      layout_rooms
D:4:      layout_rooms, serial_shops, shop, interstate_on_off,
          hangedman_decor_peaks_small
D:5:      layout_rooms, uniq_blork_the_orc

Skill      XL: |  1  2  3  4  5  6 |
---------------+-------------------+-----
Axes           | 2 3 4 5 |  5.7
Throwing       | 1 |  1.2
Fighting       | 4 |  4.0
Armour         | |  3.2
Shields        | |  3.2

Action                   |  1- 3 |  4- 6 || total
-------------------------+-------+-------++-------
Melee: War axe           |    94 |   125 ||   219
Throw: Javelin           |     3 |    35 ||    38
       Boomerang         |       |     7 ||     7
  Use: Scroll            |     2 |    11 ||    13
       Potion            |       |     4 ||     4
Armor: Scale mail        |    46 |    65 ||   111
       Chain mail        |       |    19 ||    19
Dodge: Dodged            |    47 |    64 ||   111
Block: Buckler           |    17 |    33 ||    50

Table legend:
 A = Non-vault XP
 B = Vault XP
 C = Vault XP percentage of total XP
 D = Non-vault monster count
 E = Vault monster count
 F = Vault count percentage of total count
                 A         B        C        D         E       F
            +---------+---------+-------+---------+---------+-------
      Total |     502 |      11 |   2.1 |      83 |       8 |   8.8
            +---------+---------+-------+---------+---------+-------
        D:1 |      37 |      11 |  22.9 |      21 |       8 |  27.6
        D:2 |      86 |       0 |   0.0 |      23 |       0 |   0.0
        D:3 |      62 |       0 |   0.0 |      19 |       0 |   0.0
        D:4 |     151 |       0 |   0.0 |      13 |       0 |   0.0
        D:5 |     166 |       0 |   0.0 |       7 |       0 |   0.0
            +---------+---------+-------+---------+---------+-------
